 Dungeon Crawl Stone Soup version 0.21.1-1-g345015f (webtiles) character file.

463 shakethe the Chopper (level 6, -3/49 HPs)
             Began as a Demonspawn Gladiator on Feb 25, 2018.
             Slain by Grinder (5 damage)
             ... on level 3 of the Dungeon.
             The game lasted 00:08:13 (4142 turns).

shakethe the Chopper (Demonspawn Gladiator)         Turns: 4142, Time: 00:08:14

Health: -3/49      AC:  8    Str: 16    XL:     6   Next: 79%
Magic:  6/6        EV: 13    Int: 10    God:
Gold:   262        SH:  0    Dex: 14    Spells: 5/5 levels left

rFire    . . .     SeeInvis .   a - +1 war axe
rCold    . . .     Gourm    .   (no shield)
rNeg     . . .     Faith    .   b - +0 leather armour
rPois    .         Spirit   .   c - +0 helmet
rElec    .         Reflect  .   m - +1 cloak
rCorr    .         Harm     .   (no gloves)
MR       .....                  u - +0 pair of boots
Stlth    +.........             (no amulet)
HPRegen  0.16/turn              k - +1 ring of protection
MPRegen  0.10/turn              (no ring)

@: no status effects
A: claws 1, powered by death 1
a: no special abilities


You were on level 3 of the Dungeon.
You were not hungry.

You visited 1 branch of the dungeon, and saw 6 of its levels.

You collected 262 gold pieces.

Inventory:

Hand Weapons
 a - a +1 war axe (weapon)
Missiles
 d - 2 throwing nets (quivered) {=f, !d}
 o - 176 stones
Armour
 b - a +0 leather armour (worn)
 c - a +0 helmet (worn)
 i - a +0 chain mail
   (You found it on level 2 of the Dungeon)
 m - a +1 cloak (worn)
   (You found it on level 1 of the Dungeon)
 u - a +0 pair of boots (worn)
   (You found it on level 3 of the Dungeon)
 v - a +0 pair of gloves
   (You found it on level 4 of the Dungeon)
Jewellery
 k - a +1 ring of protection (left claw)
   (You found it on level 1 of the Dungeon)
 w - a +4 ring of evasion {unknown}
   (You found it on level 4 of the Dungeon)
Scrolls
 g - a scroll of teleportation {unknown}
 j - a scroll of random uselessness {unknown}
 q - 4 scrolls of identify
 r - a scroll of fear
 t - a scroll of enchant weapon
 y - a scroll of remove curse
Potions
 e - a potion of flight {unknown}
 h - a potion of magic {unknown}
 l - a potion of haste {unknown}
 s - 2 potions of invisibility {unknown}
 z - a potion of degeneration {unknown}
 A - a potion of lignification {unknown}
Books
 p - a book of Misfortune
   (You found it on level 4 of the Dungeon)
Comestibles
 f - 5 rations
 x - 2 chunks of flesh {@w0@w0}


   Skills:
 + Level 4.5 Fighting
 - Level 4.5 Axes
 - Level 1.7 Throwing
 + Level 2.1 Armour
 - Level 3.0 Dodging
 + Level 2.1 Unarmed Combat


You had 5 spell levels left.
You didn't know any spells.

Dungeon Overview and Level Annotations

Branches:
Dungeon (6/15)
 Temple: D:4-7

Altars:
Gozag
Sif Muna
Vehumet
Yredelemnul

Annotations:
D:2 Sigmund
D:3 Grinder
D:5 Blork the orc
D:6 Edmund


Innate Abilities, Weirdness & Mutations

You have sharp fingernails.
You regenerate a little health from kills.


Message History

No target in view!
No target in view!
No target in view!
No target in view!
No target in view!
No target in view!
No target in view!
No target in view!
No target in view!
No target in view!
Things that are here:
a falchion; a ring mail; the human corpse of Terence You butcher the human corpse of Terence.
x - 2 chunks of flesh {@w0@w0}
Things that are here:
a falchion; a ring mail
y - a scroll of remove curse
z - a fizzy amethyst potion You now have 262 gold pieces (gained 11).
A - an emerald potion You open the door.
There is an open door here.
You see here 16 sling bullets.
You open the door.
There is an open door here.
There is a stone staircase leading down here.
There is an open door here.
There is an open door here.
You see here a dagger.
A kobold comes into view.
The kobold shouts!
The kobold throws a stone.
The stone hits you but does no damage.
You see here a stone.
The kobold throws a stone.
The stone completely misses you.
A kobold comes into view.
The kobold shouts!
Grinder shouts!
The kobold throws a stone.
The stone closely misses you.
The kobold throws a stone.
The stone hits you but does no damage.
You see here a stone.
A kobold comes into view. It is wielding a club.
The kobold shouts!
You hear a shout!
The kobold throws a stone.
The stone closely misses you.
The kobold throws a stone.
The stone barely misses you. The kobold barely misses you.
Grinder gestures at you. Pain shoots through your body!
You take 14 damage, and have 35/49 hp.
MASSIVE DAMAGE!!
You closely miss the kobold. x2; The kobold closely misses you. x2
You closely miss the kobold. You slash the kobold!
You kill the kobold!
The kobold hits you but does no damage.
Grinder grins, showing sharp teeth.
The kobold hits you but does no damage. Grinder gestures at you.
You resist with significant effort.
You hit the kobold but do no damage. You hit the kobold.
You kill the kobold!
The kobold barely misses you.
Grinder blinks!
You regained 2 hp, and now have 37/49 hp.
You slash the kobold!
You kill the kobold!
You regained 2 hp, and now have 40/49 hp.
Grinder blinks!
You see here a stone.
Okay, then.
You hit Grinder. Grinder completely misses you. Grinder hits you!
You writhe in agony.
You take 13 damage, and have 29/49 hp.
MASSIVE DAMAGE!!
You are too injured to fight recklessly!
You closely miss Grinder. Grinder gestures at you.
You resist with significant effort.
You hit Grinder. Grinder barely misses you.
You completely miss Grinder. Grinder closely misses you.
You closely miss Grinder. Grinder gestures at you.
Pain shoots through your body!
You take 7 damage, and have 22/49 hp.
You closely miss Grinder. Grinder misses you. Grinder gestures at you.
Pain shoots through your body!
* * * LOW HITPOINT WARNING * * *
You take 14 damage, and have 8/49 hp.
MASSIVE DAMAGE!!
You feel much better. Grinder hits you.
You writhe in agony.
You regained 14 hp, and now have 22/49 hp.
You barely miss Grinder. Grinder barely misses you.
You slash Grinder! Grinder hits you.
You writhe in agony.
* * * LOW HITPOINT WARNING * * *
You take 9 damage, and have 13/49 hp.
You closely miss Grinder. Grinder hits you.
* * * LOW HITPOINT WARNING * * *
You writhe in agony.
* * * LOW HITPOINT WARNING * * *
Grinder hits you!
* * * LOW HITPOINT WARNING * * *
You writhe in agony.
You die...

≈≈≈≈≈≈≈≈≈≈≈≈≈≈≈≈....≈≈≈≈≈≈≈≈≈≈≈≈≈
≈≈≈≈≈≈≈≈≈≈≈≈≈≈≈≈....≈≈≈≈≈≈≈≈≈≈≈≈≈
≈≈≈≈≈≈≈≈≈≈≈≈≈≈≈≈....≈≈≈≈≈≈≈≈≈≈≈≈≈
..................)((.?..........
.......................(.........
.######.##.....................(.
..................((.............
...#####.#.########.#############
................@5...............
.......#.#.########(.#####.######
######.#.#.......................
# #.#.#.###########....##.######
# #<#.#'### #....##.# ###
####'#.....#########....##.# #..
........................##[# #..
...........######.......##.# #..
...........######.......##.####..


You could see Grinder.

Vanquished Creatures
  An ogre (D:3)
  A bullfrog (D:5)
  Crazy Yiuf (D:4)
  An orc priest (D:4)
  An orc wizard (D:4)
  Jessica (D:2)
  An iguana (D:5)
  2 worker ants (D:4)
  Terence (D:3)
  Robin (D:2)
  2 adders
  An ooze (D:2)
  2 worms (D:2)
  2 leopard geckos (D:3)
  3 orcs (D:4)
  4 bats
  A giant cockroach (D:4)
  5 hobgoblins
  4 jackals
  A quokka (D:4)
  2 ball pythons
  4 frilled lizards
  17 goblins
  8 kobolds
  5 rats (D:2)
72 creatures vanquished.

Notes
Turn   | Place    | Note
-------+----------+-------------------------------------------
     0 | D:1      | shakethe the Demonspawn Gladiator began the quest for the Orb.
     0 | D:1      | Reached XP level 1. HP: 16/16 MP: 1/1
   831 | D:2      | Gained mutation: You regenerate a little health from kills. [demonic ancestry]
   831 | D:2      | Reached XP level 2. HP: 16/22 MP: 2/2
   838 | D:2      | HP: 5/22 [worm (8)]
  1107 | D:2      | Reached skill level 3 in Axes
  1107 | D:2      | Reached skill level 3 in Dodging
  1137 | D:2      | Noticed Robin
  1143 | D:2      | Reached XP level 3. HP: 21/28 MP: 3/3
  1161 | D:2      | Killed Robin
  1267 | D:2      | Noticed Sigmund
  1377 | D:2      | Noticed Jessica
  1387 | D:2      | Killed Jessica
  1387 | D:2      | Reached skill level 3 in Fighting
  1387 | D:2      | Gained mutation: You have sharp fingernails. [demonic ancestry]
  1387 | D:2      | Reached XP level 4. HP: 19/35 MP: 4/4
  1492 | D:2      | You fall through a shaft!
  1492 | D:3      | Noticed an ogre
  1498 | D:3      | Killed an ogre
  1498 | D:3      | Reached skill level 4 in Axes
  1498 | D:3      | Reached XP level 5. HP: 21/41 MP: 5/5
  1530 | D:3      | HP: 10/41 [worm (7)]
  1541 | D:3      | Noticed Grinder
  1543 | D:3      | HP: 6/41 [worm (5)]
  2335 | D:3      | Paralysed by Grinder for 4 turns
  2592 | D:3      | You fall through a shaft for 3 floors!
  2608 | D:6      | Noticed Edmund
  2611 | D:5      | Entered Level 5 of the Dungeon
  2617 | D:5      | Reached skill level 1 in Armour
  2617 | D:5      | Reached skill level 1 in Unarmed Combat
  2617 | D:5      | Reached XP level 6. HP: 28/48 MP: 6/6
  2631 | D:5      | Reached skill level 4 in Fighting
  2891 | D:5      | Noticed Blork the orc
  3396 | D:4      | Found a radiant altar of Vehumet.
  3396 | D:4      | Found a basalt altar of Yredelemnul.
  3398 | D:4      | Found a deep blue altar of Sif Muna.
  3418 | D:4      | Found an opulent altar of Gozag.
  3640 | D:4      | Found a runed door.
  3644 | D:4      | Noticed Crazy Yiuf
  3656 | D:4      | Killed Crazy Yiuf
  3656 | D:4      | Reached skill level 2 in Armour
  3656 | D:4      | Reached skill level 2 in Unarmed Combat
  3973 | D:3      | Noticed Terence
  3988 | D:3      | Killed Terence
  4138 | D:3      | HP: 8/49 [Grinder/nerve-wracking pain (14)]
  4142 | D:3      | HP: 2/49 [Grinder (7)]
  4142 | D:3      | Slain by Grinder

Skill      XL: |  1  2  3  4  5  6 |
---------------+-------------------+-----
Axes           | 3 4 |  4.5
Dodging        | 3 |  3.0
Fighting       | 3 4 |  4.5
Armour         | 1 2 |  2.1
Unarmed Combat | 1 2 |  2.1
Throwing       | |  1.7

Action                   |  1- 3 |  4- 6 || total
-------------------------+-------+-------++-------
Melee: War axe           |    95 |   150 ||   245
Throw: Throwing net      |     1 |       ||     1
  Use: Scroll            |       |     6 ||     6
       Potion            |       |     3 ||     3
  Eat: Chunk             |     2 |     2 ||     4
       Ration            |       |     2 ||     2
Armor: Leather armour    |    29 |    35 ||    64
Dodge: Dodged            |    74 |   142 ||   216

Vault maps used:
D:1:      minmay_arrival_semitransparent, serial_forest,
          infiniplex_forest_clump_cross, infiniplex_forest_end_3,
          infiniplex_forest_end_1, infiniplex_forest_lined_room_2,
          infiniplex_forest_lined_3_way, infiniplex_forest_straight_3,
          infiniplex_forest_lined_3, infiniplex_forest_straight_2,
          roderic_roman_lattice
D:2:      uniq_sigmund, uniq_robin, uniq_jessica
D:3:      minmay_goblin_kobold_castle, first_ration, uniq_terence, uniq_grinder
D:4:      nicolae_overflow_hidden_temple, uniq_crazy_yiuf_cottage
D:5:      minmay_misc_feat_tiny, kennysheep_boxes, uniq_blork_the_orc
D:6:      nicolae_whirlpool, uniq_edmund

Table legend:
 A = Turns spent in this place as a percentage of turns spent in the entire game.
 B = Non-inter-level travel turns spent in this place as a percentage of non-inter-level travel turns spent in the entire game.
 C = Inter-level travel turns spent in this place as a percentage of turns spent in this place.
 D = Turns resting spent in this place as a percentage of non-inter-level travel turns spent in this place.
 E = Turns spent auto-exploring this place as a percentage of non-inter-level travel turns spent in this place.
 F = Non-inter-level travel turns spent in this place divided by the number of levels of this place that you've seen.
                   A       B       C       D       E      F
               +-------+-------+-------+-------+-------+----------------------
         Total | 100.0 | 100.0 |   2.3 |  31.3 |  49.1 | 674.5
       Dungeon | 100.0 | 100.0 |   2.3 |  31.3 |  49.1 | 674.5
               +-------+-------+-------+-------+-------+----------------------

Table legend:
 A = Kills in this place as a percentage of kills in entire the game.
 B = Kills by you in this place as a percentage of kills by you in the entire game.
 C = Kills by friends in this place as a percentage of kills by friends in the entire game.
 D = Other kills in this place as a percentage of other kills in the entire game.
 E = Experience gained in this place as a percentage of experience gained in the entire game.
 F = Experience gained in this place divided by the number of levels of this place that you have seen.
                   A       B       C       D       E      F
               +-------+-------+-------+-------+-------+----------------------
         Total | 100.0 | 100.0 |   N/A |   N/A | 100.0 | 110.3
       Dungeon | 100.0 | 100.0 |   N/A |   N/A | 100.0 | 110.3
               +-------+-------+-------+-------+-------+----------------------
